Description

Unfortunately, there is no replay, just the YT video. The build might not be perfect down. In the end I only added the most important milestones to the build. You should watch the Video for the explanation on how to play this one out. The biggest strength of this BO is the continuous dropping of Widow Mines with drilling claws, which can catch you Zerg opponent off guard, especially in lower leagues.

VOD

https://www.youtube.com/watch?v=eiiwxROTx7g&ab_channel=uThermal

Build Order

Get SALT Encoding   

  14  0:18  Supply Depot  
  15  0:41  Barracks  
  16  0:45  Refinery  
  19  1:27  Reaper, Orbital Command  
  20  1:40  Command Center  
  20  1:49  Supply Depot  
  22  1:59  Marine  
  23  2:14  Factory  
  24  2:24  Barracks Reactor  
  26  2:55  Orbital Command, Command Center  Build in Main
  26  3:08  Barracks  Swap Raxx and Factory for Reactor
  27  3:14  Hellion x2  
  32  3:16  Marine  
  34  3:27  Refinery  Cure Takes it at his Natural
  38  3:37  Hellion x2, Barracks Tech Lab  
  40  3:46  Refinery  Cure Takes it at his Natural
  40  3:56  Factory Reactor  Float finished Barracks to now free Reactor
  40  3:59  Starport, Stimpack  
  40  4:02  Marine x3  
  50  4:28  Supply Depot, Refinery  
  55  4:45  Factory Reactor, Armory, Factory  Fly Starport to now free Reactor, Keep producing Marines, Medivacs
  74  5:25  Factory Tech Lab  
  85  5:35  Widow Mine x2  Start Mine Production
  90  5:48  Widow Mine  
  91  6:00  Engineering Bay x2  
  111  6:53  Barracks x2  
  90  5:48  Drilling Claws  37 Army supply at this point
  111  6:53  Combat Shield  
  113  6:58  Barracks  
  110  6:49  Terran Infantry Armor Level 1, Terran Infantry Weapons Level 1  
  123  7:35  Command Center  
Spawning Tool Build Advisor. Get it on Overwolf

Go to:

Details

  • Created by: brainshack
  • Published on: Nov 06, 2020
  • Modified on: Nov 06, 2020
  • Patch: 4.11.0
  • Difficulty: Hard
Show
View Real Time Build Order
Export as new Build Order

Comments (0)

There are no comments. Be the first!

Create an account to comment!